Map: Emerald City LE

Players

CGisra - Winner!

  • Race: Protoss Protoss
  • League: Diamond
  • Spawn Location: 5:00

Filburth - Winner!

  • Race: Terran Terran
  • Spawn Location: 5:00

OpuS

  • Race: Protoss Protoss
  • League: Platinum
  • Spawn Location: 11:00

Sketchaphone

  • Race: Zerg Zerg
  • League: Platinum
  • Spawn Location: 11:00

VOD

Have the link to the VOD?

Description

Time

  • Played on: Feb. 21, 2019, 9:56 p.m.
  • Length: 14:14
Show
View Real Time Build Order
Export as new Build Order

CGisra Protoss - Winner!

Build Orders: Oracle Opening 

Get SALT Encoding   

  12  0:01  Probe  
  13  0:13  Probe  
  14  0:19  Pylon  
  14  0:25  Probe  
  15  0:35  Probe  
  15  0:41  Gateway  
  16  0:43  Probe  
  17  0:51  Probe, Assimilator  
  18  1:01  Probe  
  18  1:02  Assimilator  
  19  1:09  Probe  
  19  1:18  Probe  
  21  1:30  Cybernetics Core  
  21  1:31  Pylon  
  21  1:36  Probe  
  22  1:49  Probe  
  23  1:59  Warp Gate  
  23  2:01  Probe  
  23  2:07  Stargate  
  24  2:11  Stalker  
  26  2:31  Gateway x2  
  26  2:36  Pylon  
  26  2:41  Adept  
  26  2:43  Oracle  
  30  3:11  Pylon  
  30  3:18  Adept, Oracle  
  32  3:21  Adept  
  37  3:45  Pylon  
  37  3:48  Stalker  
  39  3:57  Adept  
  39  3:59  Adept  
  43  4:09  Void Ray  
  47  4:16  Adept  
  49  4:20  Adept  
  51  4:26  Adept  
  33  6:20  Adept  
  33  6:21  Adept x2  
  33  6:23  Void Ray  
  43  6:56  Nexus  
  43  6:57  Pylon, Stargate  
  43  6:59  Pylon, Twilight Council  
  43  7:01  Gateway  
  43  7:02  Pylon, Probe  
  43  7:04  Pylon  
  43  7:05  Zealot x3  
  50  7:13  Probe  
  50  7:15  Pylon  
  51  7:21  Probe  
  51  7:26  Void Ray  
  51  7:29  Probe  
  56  7:35  Shield Battery, Charge  
  57  7:38  Void Ray  
  57  7:40  Probe  
  59  8:33  Probe x2  
  59  8:35  Void Ray x2  
  69  8:41  Probe x2  
  71  8:50  Probe  
  71  8:51  Probe  
  73  9:03  Probe  
  73  9:09  Probe  
  75  9:11  Assimilator  
  75  9:15  Probe  
  75  9:17  Assimilator  
  76  9:21  Probe  
  77  9:27  Probe  
  78  9:33  Probe  
  79  9:42  Probe  
  79  9:45  Probe  
  81  10:02  Zealot x4  
  81  10:03  Probe  
  81  10:04  Probe, Void Ray  
  91  10:14  Void Ray  
  91  10:16  Nexus, Probe  
  91  10:17  Pylon  
  91  10:19  Pylon  
  100  10:44  Zealot  
  100  10:45  Zealot x3  
  108  11:08  Zealot x4  
  116  11:11  Probe  
  116  11:12  Probe  
  118  11:24  Probe x2  
  120  11:26  Assimilator  
  120  11:29  Probe  
  120  11:31  Assimilator  
  121  11:36  Probe x2  
  123  11:42  Probe  
  124  11:48  Probe x2  
  124  11:54  Probe  
  127  12:00  Probe x2  
  127  12:12  Probe  
  120  12:17  Zealot x4  
  120  12:19  Void Ray  
  120  12:20  Void Ray  
  102  12:58  Zealot x2  
  102  12:59  Zealot x2  
  102  13:02  Void Ray x2  
  118  13:24  Stalker x4  
  126  13:28  Gateway  
  126  13:31  Gateway  
  126  13:32  Probe x2  
  126  13:33  Probe, Gateway  
  129  13:35  Gateway  
  129  13:37  Gateway  
Show
View Real Time Build Order
Export as new Build Order

Filburth Terran - Winner!

Build Orders:  

Get SALT Encoding   

  12  0:01  SCV  
  13  0:13  SCV  
  14  0:19  Supply Depot  
  14  0:26  SCV  
  15  0:41  SCV  
  15  0:42  Barracks  
  16  0:53  SCV  
  16  0:55  Barracks  
  17  1:05  SCV  
  17  1:09  Barracks  
  18  1:17  SCV  
  19  1:24  Refinery  
  19  1:31  Marine  
  20  1:46  Marine, Supply Depot  
  21  1:50  Orbital Command  
  21  1:55  Marine  
  22  2:07  Marine  
  22  2:08  Marine  
  24  2:13  Marine  
  25  2:17  Refinery  
  25  2:18  SCV  
  26  2:29  Marine x2  
  28  2:31  Marine, Supply Depot  
  28  2:35  SCV  
  30  2:47  Marine  
  31  2:52  Marine, SCV  
  31  2:54  Factory  
  31  2:58  Marine  
  33  3:05  Marine  
  35  3:09  Supply Depot  
  35  3:10  Marine  
  36  3:14  SCV  
  36  3:16  Marine  
  38  3:22  Marine  
  39  3:31  Marine, SCV  
  39  3:32  Supply Depot  
  39  3:34  Marine  
  42  3:37  Factory Tech Lab  
  42  3:40  Starport  
  42  3:43  Marine  
  43  3:48  Marine  
  43  3:51  Marine  
  45  3:58  Supply Depot  
  45  4:00  Marine  
  45  4:01  Siege Tank  
  49  4:08  Marine  
  49  4:09  Marine  
  51  4:17  Medivac  
  51  4:18  Marine  
  54  4:24  Supply Depot  
  54  4:26  Marine  
  54  4:27  Marine  
  56  4:36  Marine  
  57  4:44  Marine  
  58  4:49  Supply Depot  
  55  5:05  Marine x2  
  55  5:06  Marine  
  58  5:23  Marine x3  
  58  5:25  Siege Tank  
  50  6:33  Marine x3  
  35  7:01  Command Center  
  32  7:02  Marine x2  
  32  7:03  Marine  
  32  7:05  Siege Tank  
  32  7:06  Medivac  
  40  7:20  Marine  
  41  7:28  Marine  
  43  7:31  Barracks Tech Lab  
  42  7:37  Factory  
  42  7:38  Marine  
  43  7:46  Medivac, Marine  
  46  7:55  SCV  
  46  7:56  Marine  
  48  8:03  Refinery  
  48  8:06  Marine  
  48  8:07  SCV  
  51  8:14  Marine  
  51  8:19  SCV  
  49  8:29  Refinery  
  49  8:31  SCV  
  50  8:37  Marine x3  
  50  8:39  Factory Tech Lab  
  53  8:43  SCV  
  53  8:45  Factory  
  54  8:53  SCV  
  55  8:55  SCV  
  56  9:05  SCV  
  56  9:08  Marine x3, SCV  
  61  9:10  Combat Shield  
  61  9:11  Engineering Bay  
  61  9:17  SCV  
  61  9:20  SCV  
  63  9:29  SCV  
  64  9:32  SCV  
  64  9:33  Marine x2  
  64  9:34  Marine  
  64  9:36  Cyclone  
  64  9:37  Cyclone  
  74  9:38  Factory Tech Lab  
  74  9:41  SCV  
  74  9:44  Medivac  
  77  9:53  SCV  
  78  10:01  Cyclone  
  81  10:08  Cyclone, Mag-Field Accelerator  
  81  10:09  Cyclone  
  81  10:11  Marine x3  
  90  10:21  Planetary Fortress  
  90  10:30  Stimpack  
  90  10:31  Marine x2  
  92  10:45  Marine  
  92  10:46  Command Center  
  92  10:49  Marine  
  94  11:15  Supply Depot  
  94  11:18  Supply Depot, Starport Reactor  
  94  11:37  Cyclone x2, Marine x2  
  94  11:39  Marine  
  106  11:40  Cyclone  
  106  11:54  Marine x2  
  106  11:57  Marine  
  109  12:09  Cyclone, Siege Tank  
  109  12:12  Cyclone  
  109  12:15  Marine  
  110  12:31  Concussive Shells  
  110  12:41  Siege Tank x2  
  110  12:44  Siege Tank  
  116  12:54  Marine x3  
  107  13:12  Marine x3  
  106  13:13  Siege Tank x2  
  106  13:16  Siege Tank  
  115  13:29  Marine  
  115  13:30  Marine x2  
  118  13:47  Marine  
Show
View Real Time Build Order
Export as new Build Order

OpuS Protoss 

Build Orders:  

Get SALT Encoding   

  12  0:01  Probe  
  13  0:13  Probe  
  14  0:19  Pylon  
  14  0:25  Probe  
  15  0:37  Probe  
  15  0:39  Gateway  
  16  0:45  Probe  
  17  0:53  Assimilator  
  17  0:55  Assimilator  
  17  0:58  Probe  
  18  1:09  Gateway  
  18  1:13  Probe  
  19  1:21  Probe  
  20  1:29  Cybernetics Core, Probe  
  21  1:47  Pylon  
  21  1:50  Probe  
  21  2:05  Stalker x2  
  21  2:07  Warp Gate  
  25  2:11  Probe  
  26  2:16  Pylon  
  26  2:27  Forge  
  26  2:40  Adept x2  
  30  2:47  Pylon  
  30  3:04  Gateway  
  30  3:08  Photon Cannon  
  30  3:14  Sentry x2  
  34  3:24  Photon Cannon  
  34  3:38  Shield Battery  
  34  3:41  Shield Battery  
  34  3:46  Pylon  
  34  3:56  Probe  
  35  4:04  Probe  
  35  4:09  Sentry x2  
  40  4:16  Photon Cannon  
  40  4:17  Shield Battery  
  40  4:25  Sentry  
  42  4:45  Zealot x2  
  46  4:59  Nexus  
  46  5:04  Stalker  
  27  5:59  Stalker x2  
  23  6:12  Probe  
  24  6:24  Probe  
  25  6:31  Stalker  
  27  6:42  Probe  
  29  6:54  Probe  
  29  7:06  Probe  
  30  7:12  Adept x3  
  36  7:18  Probe  
  37  7:30  Probe  
  38  7:40  Probe  
  38  7:42  Probe  
  40  7:52  Probe  
  40  7:54  Probe  
  40  7:58  Robotics Facility  
  40  8:04  Probe  
  41  8:09  Probe  
  40  8:16  Probe  
  33  8:24  Probe  
  28  8:28  Probe  
  29  8:37  Stargate  
  29  8:40  Probe x2  
  31  8:42  Stargate  
  31  8:51  Pylon  
  31  8:52  Probe  
  31  8:53  Probe  
  33  9:04  Probe  
  33  9:05  Probe  
  35  9:11  Assimilator  
  35  9:16  Assimilator  
  35  9:20  Stalker x3  
  41  9:25  Phoenix  
  43  9:39  Phoenix  
  42  10:08  Phoenix  
  42  10:12  Probe  
  45  10:14  Probe  
  46  10:31  Phoenix  
  48  10:36  Probe x2  
  48  10:44  Phoenix  
  48  10:48  Probe x2  
  52  10:58  Phoenix  
  54  11:16  Fleet Beacon  
  54  11:17  Probe  
  54  11:18  Probe  
  56  11:19  Phoenix  
  56  11:20  Phoenix  
  60  11:34  Probe x2  
  62  11:44  Phoenix  
  64  11:48  Anion Pulse-Crystals  
  64  11:50  Probe x2  
  66  12:04  Phoenix  
  68  12:15  Phoenix  
  62  12:38  Phoenix x2  
  38  13:21  Pylon  
  38  13:26  Pylon  
  38  13:27  Pylon  
  38  13:39  Phoenix x2  
Show
View Real Time Build Order
Export as new Build Order

Sketchaphone Zerg 

Build Orders: Hatch First 

Get SALT Encoding   

  12  0:01  Drone  
  13  0:12  Overlord  
  13  0:19  Drone  
  14  0:23  Extractor  
  14  0:26  Drone  
  15  0:31  Drone  
  15  0:34  Drone  
  17  0:57  Hatchery  
  17  1:03  Drone x2  
  18  1:06  Extractor  
  18  1:09  Drone  
  18  1:26  Spawning Pool  
  17  1:36  Drone  
  18  1:42  Drone  
  18  1:43  Overlord  
  19  2:07  Drone  
  19  2:08  Overlord  
  20  2:12  Metabolic Boost  
  20  2:14  Queen  
  22  2:18  Queen  
  24  2:24  Zergling x2  
  24  2:29  Drone  
  26  2:30  Drone  
  26  2:31  Zergling x2  
  26  2:35  Zergling x2  
  29  2:38  Zergling x2  
  30  2:54  Evolution Chamber  
  30  2:56  Zergling x2  
  30  2:57  Zergling x2  
  31  3:02  Queen  
  31  3:03  Zergling x4  
  35  3:06  Zergling x2  
  35  3:12  Overlord  
  36  3:29  Overlord x2  
  36  3:34  Zergling x4  
  36  3:35  Drone  
  36  3:37  Drone  
  40  3:43  Zerg Melee Weapons Level 1  
  40  3:55  Roach Warren  
  40  3:56  Drone  
  40  4:04  Zergling x4  
  40  4:05  Zergling x2  
  40  4:06  Drone  
  44  4:15  Zergling x6  
  46  4:32  Zergling x2  
  46  4:33  Zergling x10  
  52  4:46  Zergling x2  
  52  4:47  Zergling x4, Drone x2  
  46  5:14  Zergling x4  
  46  5:15  Zergling x2  
  46  5:20  Zergling x2  
  50  5:27  Zergling x2  
  50  5:28  Zergling x6  
  54  5:29  Lair  
  54  5:39  Roach  
  54  5:40  Roach x3  
  54  5:41  Hatchery  
  42  6:04  Roach  
  42  6:05  Roach x5  
  42  6:07  Roach  
  53  6:21  Roach  
  53  6:22  Ravager  
  53  6:23  Ravager  
  57  6:26  Roach  
  51  6:38  Roach  
  48  6:58  Zergling x2  
  49  7:16  Hatchery  
  49  7:18  Drone x3  
  51  7:24  Queen  
  51  7:26  Hatchery  
  51  7:46  Extractor  
  50  7:55  Drone  
  50  7:56  Drone x2  
  53  8:09  Zerg Ground Armor Level 1  
  53  8:10  Overlord  
  53  8:13  Queen  
  33  8:39  Overlord  
  33  8:44  Drone x2  
  33  8:48  Extractor  
  34  8:49  Queen  
  34  8:51  Extractor  
  35  9:01  Drone  
  35  9:02  Drone x2  
  38  9:04  Drone x4  
  38  9:05  Drone  
  38  9:08  Overlord  
  43  9:14  Hydralisk Den  
  42  9:23  Baneling Nest, Drone x2  
  43  9:27  Zergling x2  
  44  9:33  Drone x2  
  46  9:49  Grooved Spines  
  46  9:53  Zergling x2  
  46  9:54  Evolution Chamber  
  46  10:06  Zerg Ground Armor Level 2  
  46  10:07  Centrifical Hooks  
  46  10:08  Zergling x4  
  46  10:11  Drone  
  49  10:16  Drone x2  
  49  10:18  Drone  
  49  10:21  Drone  
  53  10:23  Zergling x2  
  53  10:27  Drone  
  55  10:29  Zergling x2  
  55  10:32  Zergling x2  
  57  10:55  Zerg Missile Weapons Level 1  
  56  10:58  Hydralisk x2  
  56  10:59  Hydralisk x2  
  56  11:01  Roach x2, Lurker Den  
  56  11:03  Roach  
  67  11:21  Roach x3  
  67  11:22  Roach  
  67  11:24  Ravager x2  
  77  11:28  Ravager  
  78  11:34  Zergling x6  
  80  11:42  Zergling x2  
  80  11:43  Zergling x2  
  83  11:48  Zergling x12  
  88  11:54  Baneling  
  88  11:55  Baneling x5  
  88  11:57  Roach  
  94  12:04  Baneling x4  
  51  12:39  Roach x3  
  51  12:41  Ravager  
  58  12:48  Roach  
  60  12:52  Ravager  
  60  12:57  Roach  
Tags
 
Add a new tag
Caveats
  • Supply blocks, unpowered buildings, or Contaminate may cause inaccurate times.
  • Supply counts are checked every 10 seconds.